 Dungeon Crawl Stone Soup version 0.31-a0-810-ga77100ea1a (webtiles) character file.

Game seed: 14902569438134043700

39 Bravepunisher the Ducker (level 3, -25/20 HPs)
             Began as a Spriggan Monk on Sept 21, 2023.
             Killed by an exploding shadow imp (36 damage)
             ... ignited by their inner flame
             ... on level 5 of the Dungeon.
             The game lasted 00:03:13 (790 turns).

Bravepunisher the Ducker (Spriggan Monk)             Turns: 790, Time: 00:03:14

Health: -25/20     AC:  3    Str:  6    XL:     3   Next: 28%
Magic:  4/4        EV: 19    Int: 15    God:
Gold:   17         SH:  4    Dex: 18    Spells: 2/2 levels left

rFire   . . .        a - +0 short sword
rCold   . . .        d - orb {light}
rNeg    . . .        b - +0 robe
rPois   .            m - +2 hat
rElec   .            (no cloak)
rCorr   .            (gloves unavailable)
SInv    +            (boots unavailable)
Will    .....        (no amulet)
Stlth   +            (no ring)
HPRegen 0.23/turn    (no ring)
MPRegen 0.09/turn

%: random rage (3%)
@: brilliant, glowing, very quick
A: very small, no large weapons, unfitting armour, see invisible, speed 3, large
bone plates 1, berserk 1, clever 1, deformed body
a: no special abilities


You were on level 5 of the Dungeon.
You visited 1 branch of the dungeon, and saw 6 of its levels.

You collected 17 gold pieces.

Inventory:

Hand Weapons
 a - a +0 short sword (weapon)
Armour
 b - a +0 robe (worn)
 d - an orb of light (worn)
 m - a +2 hat (worn)
Wands
 f - a wand of mindburst (20)
Scrolls
 h - a scroll of torment
Potions
 c - a potion of ambrosia
 g - a potion of brilliance


   Skills:
 * Level 3.2 Fighting
 - Level 3.2 Short Blades
 + Level 4.7 Dodging


You had 2 spell levels left.
You didn't know any spells.
Your spell library contained the following spells:

 Spells                   Type           Power      Damage    Failure   Level
 Gell's Gravitas          Tloc           0%         N/A       63%         3
 Teleport Other           Tloc           0%         N/A       63%         3
 Dispersal                Tloc           0%         N/A       100%        6


Dungeon Overview and Level Annotations

Branches:
Dungeon (6/15)
 Temple: D:4-7

Altars:
Nemelex Xobeh

Shops:
D:4 [   D:6 !

Annotations:
D:4 Grinder


Innate Abilities, Weirdness & Mutations

You are very small and have problems with some larger weapons.
You are too small for most types of armour.
You have supernaturally acute eyesight. (SInv)
You cover ground extremely quickly. (Speed+++)
You are partially covered in large bone plates. (SH +4)
You sometimes lose your temper in combat.
Your mind is acute. (Int +4, Str/Dex -1)
Armour fits poorly on your strangely shaped body.


Message History

The sleepcap releases spores at you.
You are engulfed in a cloud of soporific spores!
You fall asleep.
The sleepcap releases spores at you!
You wake up.
Ouch! That really hurt!
* * * LOW HITPOINT WARNING * * *
You are engulfed in a cloud of soporific spores!
You are unaffected.
Unknown command.
It was a potion of curing.
You feel better.
It was a potion of mutation.
You feel extremely strange.
You feel clever.
Your body twists and deforms.
You feel a little pissed off.
Large bone plates grow over parts of your arms.
The sleepcap completely misses you.
Unknown command.
The shadow imp attacks as it pursues you!
The shadow imp completely misses you.
As you read the scroll labelled JUNOUM GATEU, it crumbles to dust.
It is a scroll of identify.
h - a scroll of torment The shadow imp shouts, "Crawl home, thou vain flat-headed coxcomb!"
The shadow imp misses you.
Unknown command.
As you read the scroll labelled QAOBOU GOMIU, it crumbles to dust.
You feel aware of your surroundings.
You sensed 1 altar.
It was a scroll of revelation.
The shadow imp misses you.
As you read the scroll labelled JEPPYGHEGU, it crumbles to dust.
The creatures around you are filled with an inner flame!
It was a scroll of immolation.
The shadow imp closely misses you.
You hit the shadow imp but do no damage.
The shadow imp misses you.
Unknown command.
You hit the shadow imp.
Flame seeps out of the shadow imp.
The shadow imp is moderately wounded.
The shadow imp is engulfed in blazing flames.
The shadow imp explodes!
The fiery explosion engulfs the sleepcap!!!
The fiery explosion engulfs you!!!
Ouch! That really hurt!
You die...

,,,* *,,,,,,,..# **,* **,*
*,#######.#######***,,*
**,*****,#######.#######*,,,,***
**,,,,,,,#######.####...,,,,,,,*
*****,**,#######.####.≈≈~~~~~,,*
* *,,,,....###.####...~~~~~~,* *
****,###.###§§..#§8§,,,_~~,* *
*,###.###○##.....§~~~~~,* *
#.###.###@####.§§≈~~~~,,* *
#.........####.§§.,,,,,,* *
#####.############***,*,* *
###.###########****,,,**
*********###>###########*,,,,,,,*
,,,,,>,,,.s#.###########*,*****,*
*********#.#[.##########*,* *,*
#.##.##########*,* *,*
####.##.#### *,* *,*


There were no monsters in sight!

Vanquished Creatures
  A sleepcap (D:5)
  2 adders (D:4)
  A shadow imp (D:5)
  An orc (D:4)
  3 bats
  2 endoplasms
  2 giant cockroaches
  2 goblins
  2 quokkas
  2 ball pythons
  2 kobolds
20 creatures vanquished.

Notes
Turn   | Place    | Note
-------+----------+-------------------------------------------
     0 | D:1      | Bravepunisher the Spriggan Monk began the quest for the
                  | Orb.
     0 | D:1      | Reached XP level 1. HP: 11/11 MP: 2/2
   156 | D:2      | Reached XP level 2. HP: 7/16 MP: 3/3
   437 | D:4      | Found Hurithec's Armour Shoppe.
   543 | D:4      | Found a sparkling altar of Nemelex Xobeh.
   569 | D:4      | Reached XP level 3. HP: 13/20 MP: 4/4
   660 | D:4      | Noticed Grinder
   668 | D:5      | Entered Level 5 of the Dungeon
   742 | D:5      | Noticed a scorpion
   763 | D:6      | Found Liygyoc's Distillery.
   763 | D:6      | Noticed a centaur
   784 | D:5      | Gained mutation: Your mind is acute. (Int +4, Str/Dex -1)
                  | [potion of mutation]
   784 | D:5      | Gained mutation: Armour fits poorly on your strangely
                  | shaped body. [potion of mutation]
   784 | D:5      | Gained mutation: You sometimes lose your temper in combat.
                  | [potion of mutation]
   784 | D:5      | Gained mutation: You are partially covered in large bone
                  | plates. (SH +4) [potion of mutation]
   790 | D:5      | Killed by an exploding shadow imp... ignited by their inner
                  | flame

Illustrated notes

Levels and vault maps discovered:
D:1:      lightli_arrival_statuegarden, layout_loops_ring, corexii_corridor_pit,
          st_stairs_10
D:2:      layout_loops_cross, serial_shops, nicolae_shop_rolling_square,
          nicolae_shop_rolling_square, nicolae_shop_tiny_statue_garden,
          basic_altar, kennysheep_generic_room_16
D:3:      layout_basic, mainiacjoe_overflow_brackets,
          yredelemnul_forgotten_temple_becter, minmay_misc_feat_rugged
D:4:      layout_rooms, nemelex_dance_club_becter,
          minmay_temple_entry_enclosed_plants, serial_shops,
          nicolae_shop_window_shopping, minmay_puff, uniq_duvessa, uniq_grinder
D:5:      layout_loops_ring, mainiacjoe_overflow_catwalk
D:6:      layout_rooms, serial_undead, serial_undead_b, serial_undead_a,
          serial_undead_c, serial_undead_e, serial_shops, nicolae_shop_trees,
          kennysheep_another_room, uniq_maggie

Skill      XL: |  1  2 |
---------------+-------+-----
Fighting       | 3 |  3.2
Short Blades   | |  3.2
Dodging        | |  4.7

Action                     || total
---------------------------++-------
  Melee: Short sword       ||    80
    Use: Scroll            ||     3
         Potion            ||     3
 Armour: Robe              ||    24
  Dodge: Dodged            ||    64

Table legend: (Time is in decaauts)
 A = Elapsed time spent in this place.
 B = Non-inter-level travel time spent in this place.
 C = Inter-level travel time spent in this place.
 D = Time resting spent in this place.
 E = Time spent auto-exploring this place.
 F = Levels seen in this place.
 G = Mean time per level.
                   A        B        C        D        E       F      G
               +--------+--------+--------+--------+--------+-----+--------+
         Total |    582 |    582 |      0 |     92 |    250 |   6 |   97.0 |
       Dungeon |    582 |    582 |      0 |     92 |    250 |   6 |   97.0 |
               +--------+--------+--------+--------+--------+-----+--------+

Top non-repeatable levels by time:
     D:4: 218 daAuts
     D:3: 156 daAuts
     D:5: 97 daAuts
     D:1: 73 daAuts
     D:2: 32 daAuts
     D:6: 5 daAuts
